 Dungeon Crawl Stone Soup version 0.25-a0-435-g4b9beb1024 (webtiles) character file.

Game seed: 13939656674345679194, levelgen mode: deterministic

144 zak163 the Chopper (level 5, -1/47 HPs)
             Began as a Hill Orc Fighter on Jan 27, 2020.
             Was an Initiate of Trog.
             Slain by a killer bee (7 damage)
             ... on level 4 of the Dungeon.
             The game lasted 00:44:49 (4076 turns).

zak163 the Chopper (Hill Orc Fighter)               Turns: 4076, Time: 00:44:50

Health: -1/47      AC: 11    Str: 19 (20) XL:     5   Next: 26%
Magic:  5/5        EV:  3    Int:  5 (8)  God:    Trog [......]
Gold:   169        SH:  9    Dex:  9 (10) Spells: 4/4 levels left

rFire    + . .     SeeInvis .   a - +0 war axe
rCold    . . .     Gourm    .   c - +0 shield
rNeg     . . .     Faith    .   A - +0 plate armour
rPois    .         Spirit   .   (no helmet)
rElec    .         Reflect  .   (no cloak)
rCorr    .         Harm     .   (no gloves)
MR       .....                  (no boots)
Stlth    ..........             (no amulet)
HPRegen  0.15/turn              n - ring of protection from fire
MPRegen  0.09/turn              (no ring)

@: lethally poisoned (-1 -> -25)
A: no striking features
a: Renounce Religion


You were on level 4 of the Dungeon.
You worshipped Trog.
Trog was noncommittal.
You were not hungry.

You visited 1 branch of the dungeon, and saw 4 of its levels.

You collected 169 gold pieces.

Inventory:

Hand Weapons
 a - a +0 war axe (weapon)
 e - a +0 glaive
 j - a +0 halberd
 q - a +0 dagger
Missiles
 i - 23 poisoned darts (quivered)
 l - 7 bolts
 z - 5 boomerangs
Armour
 c - a +0 shield (worn)
 A - a +0 plate armour (worn)
Jewellery
 n - a ring of protection from fire (left hand)
Wands
 o - a wand of iceblast (9)
Scrolls
 h - a scroll of fear
Potions
 b - a potion of magic {unknown}
 d - a potion of might
 g - a potion of heal wounds
 r - a potion of brilliance
Comestibles
 f - 3 rations


   Skills:
 * Level 4.4 Fighting
 * Level 4.8 Axes
 + Level 0.1 Throwing
 + Level 3.8 Armour
 + Level 0.4 Dodging
 * Level 4.1 Shields


You had 4 spell levels left.
You didn't know any spells.
Your spell library was empty.

Dungeon Overview and Level Annotations

Branches:
Dungeon (4/15)
 Temple: D:4-7

Altars:
Trog


Message History

Aim: a killer bee You throw a poisoned dart.
The poisoned dart hits the killer bee.
The killer bee is poisoned.
* * * LOW HITPOINT WARNING * * *
You feel sick. You block the killer bee's attack. The killer bee stings you.
* * * LOW HITPOINT WARNING * * *
You are more poisoned.
The killer bee poisons you!
You miss the killer bee.
The killer bee is lightly wounded.
* * * LOW HITPOINT WARNING * * *
You feel very sick.
The killer bee stings you but does no damage. x2
You block the killer bee's attack.
You miss the killer bee.
The killer bee is lightly wounded.
* * * LOW HITPOINT WARNING * * *
You feel very sick. The killer bee stings you!
You die...

... ..##.#
....#....#
##..#....##
..........# #
#...^...#######
... #......##...##
#..#....#.<.....##
#.....y##.......#
##(...yy@.......#
########.......#
##.....##
#.......#
#.......#
#.......#
##.....## ##...##
#####


You could see 3 killer bees.

Vanquished Creatures
  3 gnolls (D:3)
  5 adders
  A worm (D:2)
  3 dart slugs
  5 orcs (D:3)
  3 giant cockroaches (D:1)
  3 goblins
  5 hobgoblins
  7 jackals (D:2)
  A ball python (D:1)
  3 bats
  4 frilled lizards
  7 kobolds
  11 rats
61 creatures vanquished.

Notes
Turn   | Place    | Note
-------+----------+-------------------------------------------
     0 | D:1      | zak163 the Hill Orc Fighter began the quest for the Orb.
     0 | D:1      | Reached XP level 1. HP: 19/19 MP: 1/1
  1103 | D:1      | Reached XP level 2. HP: 27/27 MP: 2/2
  1963 | D:2      | Reached XP level 3. HP: 32/33 MP: 3/3
  2412 | D:2      | Reached XP level 4. HP: 31/40 MP: 4/4
  2795 | D:2      | Found a bloodstained altar of Trog.
  3229 | D:2      | Became a worshipper of Trog the Wrathful
  3651 | D:3      | Reached XP level 5. HP: 40/47 MP: 5/5
  4076 | D:4      | Slain by a killer bee

Levels and vault maps discovered:
D:1:      onia_arrival_larder, layout_basic
D:2:      minmay_chambers_of_twos, layout_basic, old_standard_altar,
          hangedman_decor_growths
D:3:      layout_rooms, first_ration
D:4:      layout_rooms, grunt_dithmenos_shadows, minmay_divided_ellipse

Skill      XL: |  1  2  3  4 |
---------------+-------------+-----
Axes           | 3 4 |  4.8
Fighting       | 4 |  4.4
Shields        | 4 |  4.1
Throwing       | |  0.1
Armour         | |  3.8
Dodging        | |  0.4

Action                   |  1- 3 |  4- 6 || total
-------------------------+-------+-------++-------
Melee: War axe           |    72 |   101 ||   173
       Dagger            |       |    13 ||    13
Throw: Dart              |     7 |     2 ||     9
  Use: Scroll            |     4 |     2 ||     6
       Potion            |       |     6 ||     6
  Eat: Ration            |     1 |     1 ||     2
       Chunk             |       |     3 ||     3
Armor: Ring mail         |    15 |    18 ||    33
       Scale mail        |    27 |    19 ||    46
       Plate armour      |       |    15 ||    15
Dodge: Dodged            |    24 |    31 ||    55
Block: Shield            |    38 |    70 ||   108

Table legend:
 A = Non-vault XP
 B = Vault XP
 C = Vault XP percentage of total XP
 D = Non-vault monster count
 E = Vault monster count
 F = Vault count percentage of total count
                 A         B        C        D         E       F
            +---------+---------+-------+---------+---------+-------
      Total |     170 |      36 |  17.5 |      47 |      14 |  23.0
            +---------+---------+-------+---------+---------+-------
        D:1 |      37 |       8 |  17.8 |      14 |       6 |  30.0
        D:2 |      54 |      28 |  34.1 |      18 |       8 |  30.8
        D:3 |      78 |       0 |   0.0 |      14 |       0 |   0.0
        D:4 |       1 |       0 |   0.0 |       1 |       0 |   0.0
            +---------+---------+-------+---------+---------+-------
